 Dungeon Crawl Stone Soup version 0.25.1-2-g60ff931df9 (webtiles) character file.

Game seed: 8364705544011427921

2709 Descartes the Protected (level 9, -7/70 HPs)
             Began as a Minotaur Chaos Knight on Aug 14, 2020.
             Was a Plaything of Xom.
             Mangled by a yak (16 damage)
             ... on level 7 of the Dungeon.
             The game lasted 00:22:01 (8670 turns).

Descartes the Protected (Minotaur Chaos Knight)     Turns: 8670, Time: 00:22:02

Health: -7/70      AC:  6    Str: 16    XL:     9   Next: 39%
Magic:  8/8        EV: 10    Int: 11    God:    Xom [.*....]
Gold:   415        SH: 19    Dex: 14    Spells: 8/8 levels left

rFire    + . .     SeeInvis .   a - +0 falchion (chaos)
rCold    . . .     Gourm    .   d - +2 kite shield
rNeg     . . .     Faith    .   b - +2 leather armour
rPois    +         Spirit   .   (helmet restricted)
rElec    .         Reflect  +   (no cloak)
rCorr    .         Harm     .   (no gloves)
MR       .....                  (no boots)
Stlth    ++........             D - amulet of reflection
HPRegen  0.21/turn              P - ring of stealth
MPRegen  0.11/turn              j - ring of protection from fire

@: no status effects
A: retaliatory headbutt, horns 2, clever 1, poison resistance
a: Renounce Religion


You were on level 7 of the Dungeon.
You worshipped Xom.
You were a plaything of Xom.
You were very hungry.

You visited 2 branches of the dungeon, and saw 8 of its levels.
You also visited: Sewer.

You collected 415 gold pieces.

Inventory:

Hand Weapons
 a - a +0 falchion of chaos (weapon)
 k - a +0 hunting sling
 q - a +2 dagger of freezing
 C - a +2 dagger of venom
 H - a +1 short sword of speed
Missiles
 g - 196 stones (quivered)
 o - 46 arrows
 p - 2 datura-tipped darts
 t - 6 javelins
 u - 62 sling bullets
 w - 39 bolts
 y - 36 poisoned darts
 E - 3 boomerangs
Armour
 b - a +2 leather armour (worn)
 d - a +2 kite shield (worn)
Jewellery
 j - a ring of protection from fire (right hand)
 A - an uncursed ring of flight
 B - an uncursed amulet of magic regeneration
 D - an amulet of reflection (around neck)
 P - a ring of stealth (left hand)
Wands
 z - a wand of enslavement (7)
 F - a wand of flame (37)
 J - a wand of disintegration (16)
 L - a wand of clouds (1)
Scrolls
 f - 3 scrolls of teleportation
 h - 5 scrolls of fear
 K - a scroll of magic mapping
 M - 2 scrolls of blinking {unknown}
 N - a scroll of fog {unknown}
 O - a scroll of remove curse
Potions
 e - 4 potions of heal wounds
 i - a potion of cancellation
 l - a potion of ambrosia {unknown}
 m - 3 potions of flight
 n - a potion of berserk rage
 r - 2 potions of stabbing
 v - a potion of invisibility
 x - 2 potions of haste
 G - a potion of magic {unknown}
 I - a potion of brilliance {unknown}
Comestibles
 c - 8 rations


   Skills:
 - Level 3.6 Fighting
 - Level 3.6 Long Blades
 + Level 11.0 Armour
 - Level 1.1 Dodging
 + Level 10.5 Shields
 + Level 1.0 Evocations


You had 8 spell levels left.
You didn't know any spells.
Your spell library contained the following spells:

 Spells                   Type           Power        Failure   Level  Hunger
 Freeze                   Ice            #...         58%         1    ##.....
 Frozen Ramparts          Ice            #.....       91%         3    ####...
 Ozocubu's Armour         Chrm/Ice       #.......     91%         3    ####...
 Hailstorm                Conj/Ice       #.......     100%        4    #####..
 Summon Ice Beast         Ice/Summ       #.......     100%        4    #####..


Dungeon Overview and Level Annotations

Branches:
Dungeon (7/15)             Temple (1/1) D:6           Sewer (visited)

Altars:
Ashenzari
Cheibriados
Fedhas
Gozag
Hepliaklqana
Kikubaaqudgha
Makhleb
Nemelex Xobeh
Okawaru
Qazlal
Ru
Sif Muna
Trog
Uskayaw
Vehumet
Xom
Yredelemnul
Zin
The Shining One

Shops:
D:2 *   D:5 (

Annotations:
D:5 2 transporters, Mitsuki's ghost, novice MiFi


Innate Abilities, Weirdness & Mutations

You reflexively headbutt those who attack you in melee.
You have a pair of horns on your head.
Your mind is acute. (Int +2)
Your system is resistant to poisons. (rPois)


Message History

You are confused.
The yak looks rather confused.
You are now a plaything of Xom.
Something gores you!
The yak barely misses something.
You bump into the rock wall.
Something gores you.
The yak gores something!
You miss something. You headbutt something.
Something gores you but does no damage.
You bump into the rock wall.
Something gores you!
You miss something. Something gores you. x2
You bump into the rock wall.
You feel less confused.
The yak barely misses the yak.
You block something's attack.
You closely miss something. Something gores you!
* * * LOW HITPOINT WARNING * * *
You hit something but do no damage. You block something's attack.
You closely miss something. Something gores you!
* * * LOW HITPOINT WARNING * * *
You barely miss something. You headbutt something! Something gores you!
You die...
Xom snickers!

########## ######........#
####...@{Y.[.....#
##....####YY......
#..####.......####
#########.........{...#
...........####....Y..#
######...>#######.##..#
########..........##Y##
...#................Y# #######
.)...#####+#####.....##.......


You could see 3 yaks.

Vanquished Creatures
  A hungry ghost (D:7)
  Menkaure (D:6)
  A sky beast (D:5)
  4 ice beasts
  3 ogres
  A centaur (D:5)
  3 bullfrogs
  A big kobold (Sewer)
  A scorpion (D:5)
  2 crimson imps
  A centaur zombie (D:5)
  A bullfrog zombie (D:5)
  2 orc priests
  A jelly (D:7)
  2 centaur skeletons
  4 orc wizards
  3 iguanas (D:7)
  3 worker ants
  A worker ant zombie (D:5)
  A howler monkey skeleton (D:4)
  7 adders
  A gnoll (D:1)
  3 river rats
  A white imp (D:5)
  3 oozes
  An adder skeleton (D:6)
  2 worms
  3 dart slugs
  6 leopard geckos
  6 orcs
  10 giant cockroaches
  10 goblins
  7 hobgoblins
  A quokka (D:4)
  8 ball pythons
  8 bats
  5 frilled lizards
  12 kobolds
  9 rats
140 creatures vanquished.

Vanquished Creatures (collateral kills)
  Pikel (D:5)
  Grinder (D:6)
  A phantom (D:7)
  A centaur zombie (D:6)
  A quasit (D:6)
  A jelly (D:5)
  An adder (D:5)
  A goblin (D:1)
  A kobold (D:1)
  A frilled lizard (D:5)
  A rat (D:1)
11 creatures vanquished.

Vanquished Creatures (others)
  2 slaves (D:5)
  A scorpion (D:4)
  A worker ant (D:6)
  An orc (D:7)
  A kobold (Sewer)
6 creatures vanquished.

Grand Total: 157 creatures vanquished

Notes
Turn   | Place    | Note
-------+----------+-------------------------------------------
     0 | D:1      | Descartes the Minotaur Chaos Knight began the quest for the
                  | Orb.
     0 | D:1      | Reached XP level 1. HP: 19/19 MP: 0/0
    34 | D:1      | XOM: divination: detect creatures
    83 | D:1      | Reached skill level 3 in Armour
   166 | D:1      | Reached XP level 2. HP: 24/26 MP: 1/1
   328 | D:1      | XOM: 2-stop teleportation journey
   347 | D:1      | Reached skill level 1 in Shields
   436 | D:1      | XOM: summons friendly iron imp
   439 | D:1      | Reached XP level 3. HP: 31/31 MP: 2/2
   548 | D:1      | Reached skill level 4 in Armour
   601 | D:1      | XOM: give mutations
   601 | D:1      | Gained mutation: You are robust. (+10% HP) [Xom's mischief]
   601 | D:1      | Gained mutation: Armour fits poorly on your strangely
                  | shaped body. [Xom's mischief]
   601 | D:1      | Gained mutation: Scrolls take you a little longer to read.
                  | [Xom's mischief]
   601 | D:1      | Lost mutation: You are robust. (+10% HP) [Xom's mischief]
  1101 | D:2      | XOM: noise
  1102 | D:2      | XOM: silly message
  1122 | D:2      | Found Gozag's Platinum Reserve.
  1328 | D:2      | XOM: 1-stop teleportation journey
  1331 | D:2      | Reached XP level 4. HP: 36/39 MP: 3/3
  1354 | D:2      | XOM: summons 3 hostile demons
  1658 | D:2      | Found an opulent altar of Gozag.
  1843 | D:2      | Found a hazy altar of Hepliaklqana.
  2530 | D:3      | Found a shimmering blue altar of Sif Muna.
  2672 | D:3      | Reached skill level 5 in Armour
  2672 | D:3      | Reached XP level 5. HP: 34/45 MP: 4/4
  2792 | D:3      | Found a glowing golden altar of the Shining One.
  2928 | D:4      | Found a snail-covered altar of Cheibriados.
  3013 | D:4      | XOM: torment (24/45 hp)
  3296 | D:4      | XOM: cleaving
  3301 | D:4      | XOM: cleaving
  3455 | D:4      | XOM: 3-stop teleportation journey
  3748 | D:4      | Reached XP level 6. HP: 36/51 MP: 5/5
  3748 | D:4      | XOM: divine lightning
  4067 | D:5      | Entered Level 5 of the Dungeon
  4083 | D:5      | Found a snail-covered altar of Cheibriados.
  4091 | D:5      | Noticed Mitsuki's ghost (novice MiFi)
  4116 | D:5      | Found a transporter.
  4117 | D:5      | Noticed an ice beast
  4119 | D:5      | Found a transporter.
  4120 | D:5      | XOM: cast spell 'Metabolic Englaciation'
  4125 | D:5      | Reached skill level 6 in Armour
  4129 | D:5      | XOM: summons friendly quasit
  4138 | D:5      | Killed an ice beast
  4138 | D:5      | Reached skill level 5 in Shields
  4266 | D:5      | Found a sacrificial altar of Ru.
  4339 | D:5      | Found Cigeutua's Antique Weapon Boutique.
  4342 | D:5      | Noticed a sky beast
  4347 | D:5      | XOM: scenery: 1 doors open
  4364 | D:5      | XOM: divination: detect creatures
  4366 | D:5      | Killed a sky beast
  4366 | D:5      | Reached skill level 7 in Armour
  4366 | D:5      | Reached XP level 7. HP: 8/57 MP: 6/6
  4530 | D:5      | Found a glowing drain.
  4549 | Sewer    | Entered a sewer
  4873 | Sewer    | XOM: noise
  5260 | D:5      | XOM: smoke on damage
  5502 | D:5      | XOM: silly message
  5504 | D:5      | XOM: potion effect (stabbing)
  5702 | D:4      | Reached skill level 8 in Armour
  5829 | D:5      | Reached XP level 8. HP: 38/64 MP: 7/7
  6214 | D:6      | Noticed Eustachio
  6345 | D:5      | Noticed Eustachio
  6345 | D:5      | Eustachio changed into Eustachio the ice beast
  6345 | D:5      | XOM: polymorph Eustachio -> Eustachio the ice beast
  6351 | D:5      | Killed Eustachio the ice beast
  6419 | D:6      | Reached skill level 9 in Armour
  6511 | D:6      | XOM: draining
  6511 | D:6      | Noticed Pikel
  6516 | D:6      | XOM: potion effect (brilliance)
  6527 | D:6      | XOM: smoke on damage
  6548 | D:5      | XOM: cast spell 'Summon Hydra'
  6552 | D:5      | Killed Pikel
  6721 | D:6      | Found a staircase to the Ecumenical Temple.
  6754 | D:6      | Noticed Grinder
  6756 | D:6      | XOM: summons friendly ufetubus
  6757 | D:6      | XOM: scenery: create altars
  6765 | D:6      | Paralysed by Grinder for 6 turns
  6767 | D:6      | Killed Grinder
  6767 | D:6      | Reached skill level 10 in Armour
  7009 | D:6      | Lost mutation: Scrolls take you a little longer to read.
                  | [potion of mutation]
  7009 | D:6      | Lost mutation: Armour fits poorly on your strangely shaped
                  | body. [potion of mutation]
  7009 | D:6      | Gained mutation: Your system is resistant to poisons.
                  | (rPois) [potion of mutation]
  7009 | D:6      | Gained mutation: Your mind is acute. (Int +2) [potion of
                  | mutation]
  7065 | D:6      | XOM: god gift: papyrus book {god gift}
  7132 | D:6      | Noticed Menkaure
  7141 | D:6      | Killed Menkaure
  7141 | D:6      | Reached XP level 9. HP: 16/70 MP: 8/8
  7476 | Temple   | Entered the Ecumenical Temple
  7739 | D:7      | XOM: stealth player
  7787 | D:7      | Reached skill level 10 in Shields
  7914 | D:7      | XOM: summons friendly ufetubus
  8093 | D:7      | XOM: repel stairs
  8232 | D:7      | XOM: cloud trail
  8268 | D:7      | XOM: enchant monster (bad)
  8272 | D:7      | Reached skill level 11 in Armour
  8553 | D:7      | XOM: smoke on damage
  8556 | D:7      | Reached skill level 1 in Evocations
  8640 | D:7      | Found a shattered altar of Ashenzari.
  8661 | D:7      | XOM: confusion (+ monsters)
  8670 | D:7      | Mangled by a yak

Illustrated notes

Levels and vault maps discovered:
D:1:      nagdon_arrival_double_spiral, layout_basic, serial_park_tiny_1
D:2:      layout_loops_ring, nicolae_gozag_zags_fifth_avenue, marbit_many_paths,
          first_ration
D:3:      layout_rooms, lemuel_crystal_altar, tso_altar
D:4:      layout_loops_ring, nicolae_overflow_crystal_walls
D:5:      layout_basic, lemuel_crystal_altar, serial_shops, shop, basic_altar,
          portal_sewer_entry_a, gammafunk_ghost_hive
D:6:      layout_rooms, nicolae_overflow_hidden_temple,
          minmay_temple_entry_grid, uniq_pikel, uniq_menkaure, uniq_eustachio,
          uniq_grinder
D:7:      minmay_the_grid_plus_closed [minmay_the_grid_aliased_spiral,
          minmay_the_grid_outer_diamond, minmay_the_grid_expand,
          minmay_the_grid_small_cups, minmay_the_grid_prize_shrinking_boxes],
          layout_rooms, ashenzari_altar_1, minivault_26
Temple:   oiseaux_autumnal_temple

Skill      XL: |  1  2  3  4  5  6  7  8  9 |
---------------+----------------------------+-----
Armour         | 3 4 5 7 8 10 11 | 11.0
Shields        | 1 2 3 4 6 7 9 10 | 10.5
Evocations     | 1 |  1.0
Fighting       | |  3.6
Long Blades    | |  3.6
Dodging        | |  1.1

Action                   |  1- 3 |  4- 6 |  7- 9 || total
-------------------------+-------+-------+-------++-------
Melee: Falchion          |    75 |   205 |   344 ||   624
       Headbutt          |    10 |    32 |    52 ||    94
  Use: Scroll            |       |    14 |     3 ||    17
       Potion            |       |       |     2 ||     2
 Stab: Sleeping          |     1 |       |       ||     1
       Paralysed         |       |     2 |     9 ||    11
       Petrifying        |       |     1 |       ||     1
       Petrified         |       |     2 |       ||     2
       Distracted        |       |       |     1 ||     1
  Eat: Chunk             |       |    10 |    10 ||    20
       Ration            |       |       |     2 ||     2
Armor: Leather armour    |    23 |    40 |    70 ||   133
Dodge: Dodged            |    30 |    72 |    71 ||   173
Block: Kite shield       |    26 |   125 |   308 ||   459
       Reflection        |       |       |     5 ||     5
       Rpst.: Falchion   |     5 |    14 |    20 ||    39
